AoeStats
← Ebon

Arena

508914377Analyzed
1v1 RM · 8d ago on Sep 24, 2026· 28m 49s· 2 players
Game mode
Random Map
Map size
Tiny (2 player)
Population
200
Speed
Normal
Resources
Standard
Victory
Conquest
Starting age
Dark Age
Ending age
Imperial Age
RankedLock teamsTeams togetherTeam positionsShared explorationLock speedFull tech treeHidden civsTurbo modeCheats
Victory
Defeat
🇳🇱 Bengalis · Netherlands
823
+17
🇲🇽 Mongols · Mexico
850
-38
vincentophoff
2:32 Loom
10:20 Feudal Age
16:38 Castle Age
15:27 Forging
16:11 Double-Bit Axe
21:29 Scale Barding Armor
22:05 Fletching
25:11 Horse Collar
26:35 Paiks
28:31 Iron Casting
Ebon
5:34 Loom
10:09 Feudal Age
11:50 Double-Bit Axe
11:46 Horse Collar
19:25 Castle Age
22:59 Fletching
23:08 Gold Mining
23:21 Heavy Plow
23:30 Scale Mail Armor
24:48 Wheelbarrow
24:00 Town Watch
28:13 Pikeman
Connection lost

Rejoining the realm…

Still unreachable

The connection could not be restored.

Session expired

The server has moved on; the page needs a fresh start.